 Dungeon Crawl Stone Soup version 0.23-a0-422-g30b1108 (webtiles) character file.

46 galech the Skirmisher (level 3, -5/29 HPs)
             Began as a Demonspawn Fighter on Nov 14, 2018.
             Slain by an orc priest
             ... wielding a +0 flail
              (7 damage)
             ... on level 2 of the Dungeon.
             The game lasted 00:01:11 (937 turns).

galech the Skirmisher (Demonspawn Fighter)           Turns: 937, Time: 00:01:12

Health: -5/29      AC: 13    Str: 16    XL:     3   Next: 44%
Magic:  3/3        EV:  4    Int:  9    God:
Gold:   50         SH:  9    Dex: 13    Spells: 2/2 levels left

rFire    . . .     SeeInvis .   a - +0 war axe
rCold    . . .     Gourm    .   c - +0 shield
rNeg     . . .     Faith    .   g - +0 chain mail
rPois    .         Spirit   .   (no helmet)
rElec    .         Reflect  .   (no cloak)
rCorr    .         Harm     .   e - +0 pair of gloves
MR       .....     Rnd*Tele +   m - +0 pair of boots
Stlth    ..........             (no amulet)
HPRegen  0.09/turn              l - ring of teleportation (curse)
MPRegen  0.08/turn              (no ring)

@: no status effects
A: claws 1, slimy green scales 1
a: no special abilities


You were on level 2 of the Dungeon.
You were not hungry.

You visited 1 branch of the dungeon, and saw 2 of its levels.

You collected 50 gold pieces.

Inventory:

Hand Weapons
 a - a +0 war axe (weapon)
Armour
 c - a +0 shield (worn)
 e - a +0 pair of gloves (worn)
 g - a +0 chain mail (worn)
 m - a +0 pair of boots (worn)
Jewellery
 l - a cursed ring of teleportation (left hand)
Scrolls
 b - a scroll of remove curse {unknown}
 j - a scroll of amnesia {unknown}
 k - a scroll of identify {unknown}
Potions
 d - 3 potions of might
 h - a potion of flight {unknown}
 n - a potion of heal wounds {unknown}
Comestibles
 f - 2 rations
 i - 2 chunks of flesh


   Skills:
 + Level 3.2 Fighting
 + Level 2.6 Axes
 + Level 2.9 Armour
 + Level 3.1 Shields


You had 2 spell levels left.
You didn't know any spells.
Your spell library was empty.

Dungeon Overview and Level Annotations

Branches:
Dungeon (2/15)

Altars:


Innate Abilities, Weirdness & Mutations

You have sharp fingernails.
You are partially covered in slimy green scales. (AC +2)


Message History

You are too injured to fight recklessly!
You are too injured to fight recklessly!
You are too injured to fight recklessly!
You are too injured to fight recklessly!
You are too injured to fight recklessly!
You are too injured to fight recklessly!
You are too injured to fight recklessly!
You are too injured to fight recklessly!
You are too injured to fight recklessly!
You slash the orc priest!
The orc priest is severely wounded.
The orc priest hits you with a +0 flail!
* * * LOW HITPOINT WARNING * * *
You hit the orc priest but do no damage.
The orc priest is severely wounded.
The orc priest closely misses you.
Your shield and chain mail prevent you from hitting the orc priest.
The orc priest is severely wounded.
The orc priest hits you with a +0 flail!
You die...

#
#.....#.#.#.####.#.#
#.#.#............#.#
#...#.#.....#.####.#
#####.#.#.....# #.#
..#.#......## #.#
#.#.####...# ###.#
#.#.>..'..># #....
#o#...##...# #.#..
##@#........# #.#..
#...........###+#..
#.^..........†.....
#......##..........
#..................
#...#.............#
....#.............#
..[..#.[.....###...#
....<.#########
###..


You could see an orc priest.

Vanquished Creatures
  2 oozes (D:1)
  2 dart slugs
  A leopard gecko (D:2)
  2 orcs (D:2)
  2 giant cockroaches
  4 goblins
  4 hobgoblins (D:1)
  3 bats
  2 frilled lizards (D:1)
  3 kobolds
  4 rats
29 creatures vanquished.

Notes
Turn   | Place    | Note
-------+----------+-------------------------------------------
     0 | D:1      | galech the Demonspawn Fighter began the quest for the Orb.
     0 | D:1      | Reached XP level 1. HP: 18/18 MP: 1/1
   262 | D:1      | Gained mutation: You are partially covered in slimy green
                  | scales. (AC +2) [demonic ancestry]
   262 | D:1      | Reached XP level 2. HP: 24/24 MP: 2/2
   616 | D:1      | Gained mutation: You have sharp fingernails. [demonic
                  | ancestry]
   616 | D:1      | Reached XP level 3. HP: 27/29 MP: 3/3
   937 | D:2      | Slain by an orc priest

Vault maps used:
D:1:      ncdulo_wetmaze
D:2:      tso_metal_star

Skill      XL: |  1  2 |
---------------+-------+-----
Axes           | 2 |  2.6
Shields        | 3 |  3.1
Fighting       | |  3.2
Armour         | |  2.9

Action                   || total
-------------------------++-------
Melee: War axe           ||    91
Armor: Scale mail        ||     6
       Chain mail        ||    42
Dodge: Dodged            ||    18
Block: Shield            ||    42

Table legend:
 A = Non-vault XP
 B = Vault XP
 C = Vault XP percentage of total XP
 D = Non-vault monster count
 E = Vault monster count
 F = Vault count percentage of total count
                 A         B        C        D         E       F
            +---------+---------+-------+---------+---------+-------
      Total |      66 |       0 |   0.0 |      29 |       0 |   0.0
            +---------+---------+-------+---------+---------+-------
        D:1 |      45 |       0 |   0.0 |      20 |       0 |   0.0
        D:2 |      21 |       0 |   0.0 |       9 |       0 |   0.0
            +---------+---------+-------+---------+---------+-------
